 Dungeon Crawl Stone Soup version 0.31-a0-1447-g87ca8d402b (webtiles) character file.

Game seed: 8983538332740150822

1499 gruber the Destroyer (level 8, -10/41 HPs)
             Began as a Deep Elf Conjurer on Dec 27, 2023.
             Was an Initiate of Vehumet.
             Shot with a sling bullet by Joseph (13 damage)
             ... on level 7 of the Dungeon.
             The game lasted 00:06:06 (7110 turns).

gruber the Destroyer (Deep Elf Conjurer)            Turns: 7110, Time: 00:06:07

Health: -10/41     AC:  5    Str:  4    XL:     8   Next: 52%
Magic:  16/20      EV: 13    Int: 26    God:    Vehumet [......]
Gold:   462        SH:  0    Dex: 13    Spells: 14/21 levels left

rFire   . . .        u - +4 short sword
rCold   . . .        (no shield)
rNeg    + . .        a - +0 robe
rPois   .            B - +2 hat
rElec   .            (no cloak)
rCorr   .            C - +0 pair of gloves
SInv    .            (no boots)
Will    .....        (no amulet)
Stlth   ++           o - ring of wizardry
HPRegen 0.26/turn    y - ring of positive energy
MPRegen 0.17/turn

%: wizardry (x1)
@: no status effects
A: no striking features
a: Renounce Religion


You were on level 7 of the Dungeon.
You worshipped Vehumet.
Vehumet was noncommittal.
You visited 2 branches of the dungeon, and saw 8 of its levels.

You collected 462 gold pieces.

Inventory:

Hand Weapons
 n - a +2 mace of venom
 u - a +4 short sword (weapon)
Armour
 a - a +0 robe (worn)
 B - a +2 hat (worn)
 C - a +0 pair of gloves (worn)
Magical Staves
 c - a staff of earth
Jewellery
 o - a ring of wizardry (left hand)
 w - a ring of ice
 y - a ring of positive energy (right hand)
 D - an amulet of regeneration
Wands
 x - a wand of polymorph (7)
Scrolls
 d - 5 scrolls of identify {unknown}
 f - 2 scrolls of blinking {unknown}
 i - 2 scrolls of poison {unknown}
 j - a scroll of vulnerability {unknown}
 l - 2 scrolls of fear {unknown}
 m - a scroll of teleportation {unknown}
 p - a scroll of enchant armour {unknown}
 q - a scroll of summoning {unknown}
 s - a scroll of immolation {unknown}
 t - a scroll of fog {unknown}
 v - a scroll of brand weapon {unknown}
Potions
 b - a potion of magic
 e - a potion of mutation {unknown}
 g - a potion of lignification {unknown}
 h - 2 potions of heal wounds {unknown}
 k - a potion of curing {unknown}
 r - a potion of berserk rage {unknown}
 z - a potion of enlightenment {unknown}
 A - a potion of cancellation {unknown}


   Skills:
 * Level 3.2 Dodging
 - Level 2.4 Stealth
 - Level 7.0 Spellcasting
 - Level 11.1 Conjurations


You had 14 spell levels left.
You knew the following spells:

 Your Spells              Type           Power      Damage    Failure   Level
a - Magic Dart            Conj           100%       1d8       1%          1
b - Searing Ray           Conj           100%       2d8       1%          2
c - Iskenderun's Mystic   Conj/Tloc      38%        2d9       2%          4

Your spell library contained the following spells:

 Spells                   Type           Power      Damage    Failure   Level
 Sting                    Conj/Alch      100%       1d9       1%          1
 Hailstorm                Conj/Ice       38%        3d9       1%          3
 Stone Arrow              Conj/Erth      76%        3d11      1%          3
 Freeze                   Ice            36%        1d5       2%          1
 Necrotise                Necr           36%        1d5       2%          1
 Fulminant Prism          Conj/Alch      19%        3d10      2%          4
 Mercury Vapours          Alch/Air       18%        N/A       4%          2
 Frozen Ramparts          Ice            18%        1d3       8%          3
 Tukima's Dance           Hex            9%         N/A       8%          3
 Vampiric Draining        Necr           9%         2d6       8%          3
 Animate Armour           Summ/Erth      18%        N/A       24%         4
 Martyr's Knell           Necr/Summ      9%         N/A       24%         4
 Olgreb's Toxic Radiance  Alch           9%         N/A       24%         4
 Passage of Golubria      Tloc           9%         N/A       24%         4
 Curse of Agony           Necr           9%         N/A       52%         5
 Yara's Violent Unravell  Hex/Alch       4%         3d4       52%         5
 Lehudib's Crystal Spear  Conj/Erth      19%        10d6      100%        8


Dungeon Overview and Level Annotations

Branches:
Dungeon (7/15)             Temple (1/1) D:4

Altars:
Ashenzari
Cheibriados
Dithmenos
Elyvilon
Fedhas
Gozag
Hepliaklqana
Kikubaaqudgha
Makhleb
Nemelex Xobeh
Okawaru
Qazlal
Ru
Sif Muna
Trog
Uskayaw
Vehumet
Wu Jian
Xom
Yredelemnul
Zin
The Shining One

Shops:
D:2 [?

Annotations:
D:7 Joseph


Message History

The sling bullet freezes you.
There is a stone staircase leading up, spattered with blood here.
Joseph zaps a wand.
You easily resist.
You climb upwards.
There is a stone staircase leading down here.
Unknown command.
Unknown command.
You start resting.
Magic restored.
You start resting.
HP restored.
You climb downwards.
Level annotation: Joseph
There is a stone staircase leading up, spattered with blood here.
Unknown command.
Unknown command.
Casting: Searing Ray (safe; 1% risk of failure)
Confirm with . or Enter, or press ? or * to list all spells.
Aiming: Searing Ray (safe; 1% risk of failure)
Press: ? - help, Shift-Dir - straight line, f - Joseph
Aim: Joseph, wielding a +3 sling of freezing, wearing a +0 leather armour and carrying a wand of charming (83% to hit)
The searing ray hits Joseph.
Joseph is lightly wounded. (Press . to maintain the ray.) Joseph shoots a sling bullet.
The sling bullet hits you. The sling bullet freezes you.
Unknown command.
The searing ray hits Joseph.
Joseph is lightly wounded.
Joseph sighs, "Being a guard is usually so boring..."
Joseph shoots a sling bullet.
The sling bullet hits you!! The sling bullet freezes you.
The searing ray hits Joseph!
Joseph is moderately wounded.
Joseph shoots a sling bullet.
The sling bullet hits you!
* * * LOW HITPOINT WARNING * * *
The sling bullet freezes you.
* * * LOW HITPOINT WARNING * * *
Joseph shoots a sling bullet.
The sling bullet hits you!
You die...

#.#..# #.# #.#..# #.#
..###.#..####.#######.
.......<..............
..###.#.......#######.
##.##@##.#.# #.
##.>##.##.#.#######.
##...#............).)).).
.........@.....##.#.#.##.
##.#.#..#########.# # #
#..# #.# ..... #.# #.#..#
... #.#.l. ... . ..@. ..#
## #.##


You could see Joseph.

Vanquished Creatures
  Jeremiah (D:6)
  An ice beast (D:6)
  A sky beast (D:6)
  A black bear (D:4)
  2 ogres
  A scorpion (D:5)
  2 howler monkeys
  2 bombardier beetles
  2 jellies
  A hound (D:6)
  A gnoll bouda (D:5)
  Jessica (D:2)
  3 iguanas
  4 orc wizards
  7 gnolls
  12 adders
  A white imp (D:6)
  2 worms
  A dart slug (D:3)
  12 orcs
  9 endoplasms
  7 giant cockroaches
  8 goblins
  4 hobgoblins
  3 jackals (D:3)
  6 quokkas
  3 ball pythons
  2 bats
  9 kobolds
  4 rats
113 creatures vanquished.

Notes
Turn   | Place    | Note
-------+----------+-------------------------------------------
     0 | D:1      | gruber the Deep Elf Conjurer began the quest for the Orb.
     0 | D:1      | Reached XP level 1. HP: 10/10 MP: 6/6
   188 | D:1      | Reached XP level 2. HP: 15/15 MP: 5/8
   275 | D:1      | Reached skill level 5 in Conjurations
   980 | D:1      | Learned a level 2 spell: Searing Ray
  1087 | D:2      | Found Gycosh's Magic Scroll Emporium.
  1134 | D:2      | Reached XP level 3. HP: 19/19 MP: 7/9
  1620 | D:2      | Found Hisuec's Armour Emporium.
  1653 | D:2      | Noticed Jessica
  1656 | D:2      | Killed Jessica
  1657 | D:2      | Reached XP level 4. HP: 24/24 MP: 9/12
  1917 | D:3      | Reached skill level 6 in Conjurations
  2100 | D:3      | Identified the +9 chain mail "Neudaa" {Harm Will++}
  2611 | D:3      | Reached XP level 5. HP: 28/28 MP: 7/14
  2616 | D:3      | Learned a level 4 spell: Iskenderun's Mystic Blast
  3039 | D:4      | Reached skill level 5 in Spellcasting
  3429 | D:4      | Found a staircase to the Ecumenical Temple.
  3471 | Temple   | Entered the Ecumenical Temple
  3490 | Temple   | Became a worshipper of Vehumet
  3742 | D:4      | Noticed a black bear
  3755 | D:4      | Killed a black bear
  3756 | D:4      | Reached skill level 7 in Conjurations
  3756 | D:4      | Reached XP level 6. HP: 29/32 MP: 7/16
  4597 | D:5      | Entered Level 5 of the Dungeon
  4772 | D:5      | Reached XP level 7. HP: 36/36 MP: 10/18
  4776 | D:5      | Reached skill level 8 in Conjurations
  5552 | D:6      | Reached skill level 9 in Conjurations
  5748 | D:6      | Reached XP level 8. HP: 41/41 MP: 17/20
  5809 | D:6      | Noticed Jeremiah
  5842 | D:6      | Killed Jeremiah
  5843 | D:6      | Reached skill level 10 in Conjurations
  6071 | D:6      | Reached skill level 11 in Conjurations
  6204 | D:6      | Found a shadowy altar of Dithmenos.
  6204 | D:6      | Found a broken altar of Ashenzari.
  6836 | D:7      | Noticed Joseph
  7110 | D:7      | Shot with a sling bullet by Joseph

Illustrated notes

Levels and vault maps discovered:
D:1:      wander_arrival_fairy_ring, layout_loops_ring
D:2:      layout_loops_cross, serial_shops, nicolae_shop_tiny_real_fake_doors,
          nicolae_shop_real_fake_doors, kennysheep_pointless_box,
          kennysheep_jessica_study, uniq_jessica
D:3:      layout_loops_ring, roderic_serpentine_path
D:4:      layout_loops_corners, minmay_temple_entry_antechambers, serial_rivers,
          chequers_serial_rivers_large_b, chequers_serial_rivers_large_a,
          chequers_serial_rivers_micro_a, chequers_serial_rivers_micro_b,
          chequers_serial_rivers_micro_d, chequers_serial_rivers_micro_d,
          skrybe_limestone_x
D:5:      layout_cave_pools, minmay_hedge_maze, minivault_1
D:6:      layout_loops_ring, gammafunk_temple_overflow_wave, uniq_jeremiah
D:7:      layout_loops_ring, uniq_joseph, uniq_crazy_yiuf_cottage
Temple:   nicolae_temple_slightly_damp_pantheon

Skill      XL: |  1  2  3  4  5  6  7  8 |
---------------+-------------------------+-----
Conjurations   | 5 6 7 9 11 | 11.1
Spellcasting   | 4 5 6 7 |  7.0
Dodging        | 3 |  3.2
Stealth        | |  2.4

Action                     |  1- 3 |  4- 6 |  7- 9 || total
---------------------------+-------+-------+-------++-------
  Melee: Mace              |       |       |     2 ||     2
   Cast: Magic Dart        |    68 |   113 |    19 ||   200
         Searing Ray       |     1 |    10 |    24 ||    35
         Iskenderun's Myst |       |       |     7 ||     7
 Armour: Robe              |     3 |     8 |    29 ||    40
  Dodge: Dodged            |     2 |    11 |    10 ||    23

Table legend: (Time is in decaauts)
 A = Elapsed time spent in this place.
 B = Non-inter-level travel time spent in this place.
 C = Inter-level travel time spent in this place.
 D = Time resting spent in this place.
 E = Time spent auto-exploring this place.
 F = Levels seen in this place.
 G = Mean time per level.
                   A        B        C        D        E       F      G
               +--------+--------+--------+--------+--------+-----+--------+
         Total |   7152 |   6627 |    525 |    254 |   5724 |   8 |  894.0 |
       Dungeon |   7122 |   6608 |    514 |    254 |   5715 |   7 | 1017.4 |
        Temple |     29 |     19 |     10 |      0 |      9 |   1 |   29.0 |
               +--------+--------+--------+--------+--------+-----+--------+

Top non-repeatable levels by time:
     D:4: 1729 daAuts
     D:6: 1427 daAuts
     D:3: 1091 daAuts
     D:1: 1021 daAuts
     D:5: 905 daAuts
     D:2: 879 daAuts
     D:7: 67 daAuts
  Temple: 29 daAuts
